Knights vs Punishers

Created - March 15, 2021 at 19:17

Goals
1 2 3 OT1 T
Knights 2 0 1 1 4
Punishers 1 1 1 0 3
Shots
1 2 3 OT1 T
Knights 14 5 15 1 35
Punishers 9 6 9 0 24

1st period

1. Punishers , Corey Tropp 22 (Zack Hamill 15) at 7:24
2. Knights , Iiro Pakarinen 20 (Dwight King 16, Vladislav Gavrikov 12) at 16:57
3. Knights , Matthew Benning 1 (Ludwig Bystrom 20, Nathan Walker 12) at 18:55

Penalties :
Alan Quine (Lon) for Interference (Minor) at 8:40

2nd period

4. Punishers , Elias Lindholm 19 (Nikita Gusev 12, Austen Brassard 12) at 3:58

Penalties :
Dwight King (Lon) for Tripping (Minor) at 1:00, Nicolas Petan (Lon) for Hooking (Minor) at 4:18, Frank Vatrano (Lon) for Boarding (Minor) at 13:10

3rd period

5. Punishers , Tyler Bertuzzi 22 (Brett Kulak 18, Ben Betker 11) at 10:23
6. Knights , Dwight King 15 (Iiro Pakarinen 37, Cedric Paquette 16) at 13:02 (PP)

Penalties :
Andreas Athanasiou (Pro) for Hooking (Minor) at 2:36, Nikita Gusev (Pro) for Tripping (Minor) at 12:41

Overtime #1

7. Knights , Ludwig Bystrom 5 (Iiro Pakarinen 38) at 0:49

Penalties :
No Penalty

Goalie Stats

Magnus Hellberg (Lon), 21 saves from 24 shots - (0.875), W, 15-9-1, 60:49 minutes
Louis Domingue (Pro), 31 saves from 35 shots - (0.886), OTL, 27-15-1, 60:49 minutes

Players Stats for Knights

Player Name              G  A  P  +/- PIM S  H  SB GA TA FO     MP     PP MP  PK MP  
------------------------------------------------------------------------------------
Alan Quine               0  0  0  -1  2   1  0  0  0  0  2/5    11:45   0:00   0:00 
Alexandre Carrier        0  0  0  -1  0   1  0  1  0  0  0/0     9:16   0:00   0:00 
Brendan Perlini          0  0  0   0  0   0  0  0  0  0  0/0     0:20   0:00   0:00 
Cedric Paquette          0  1  1   0  0   3  0  2  0  0  9/26   19:01   1:18   1:08 
Dominik Kahun            0  0  0   1  0   0  1  0  0  0  1/4     9:43   0:00   1:01 
Dwight King              1  1  2   0  2   5  3  0  1  0  3/5    21:19   1:28   2:20 
Frank Vatrano            0  0  0  -1  2   4  2  1  0  0  0/0    11:42   0:00   0:00 
Iiro Pakarinen           1  2  3   1  0   1  2  2  0  0  0/0    20:17   1:28   1:51 
Jeremy Bracco            0  0  0   0  0   0  0  0  0  0  0/0     0:00   0:00   0:00 
Jesse Graham             0  0  0  -1  0   1  0  0  0  0  0/0     9:16   0:00   0:00 
John Marino              0  0  0  -1  0   0  0  0  0  0  0/0     5:40   0:00   0:00 
Jordan Martinook         0  0  0  -1  0   2  2  0  0  0  0/0    18:15   0:52   4:19 
Josh Bailey              0  0  0   0  0   1  1  0  0  1  1/2    15:25   0:52   2:03 
Ludwig Bystrom           1  1  2   1  0   3  1  1  1  0  0/0    19:48   0:47   3:09 
Mackenzie MacEachern     0  0  0   0  0   0  0  0  0  0  1/2     2:46   0:00   2:31 
Matthew Benning          1  0  1   1  0   2  1  1  0  0  0/0    19:48   0:47   3:09 
Mirco Mueller            0  0  0   1  0   1  2  2  0  2  0/0    26:05   1:33   4:47 
Nathan Walker            0  1  1   1  0   4  0  0  0  0  0/0     8:35   0:00   0:00 
Nicklas Jensen           0  0  0   0  0   0  0  0  0  0  0/0     0:33   0:10   0:00 
Nicolas Petan            0  0  0  -1  2   0  0  0  1  0  8/13   13:06   0:52   0:00 
Nikolaj Ehlers           0  0  0  -1  0   4  0  0  0  0  0/0    12:16   0:00   0:39 
Nikolay Goldobin         0  0  0   1  0   2  1  0  1  1  0/1     8:35   0:00   0:00 
Oskar Lindblom           0  0  0   0  0   0  0  0  0  0  0/0     0:00   0:00   0:00 
Sami Niku                0  0  0  -1  0   0  1  0  0  0  0/0     5:40   0:00   0:00 
Vladislav Gavrikov       0  1  1   1  0   0  2  2  0  2  0/0    26:05   1:33   4:47 

Players Stats for Punishers

Player Name              G  A  P  +/- PIM S  H  SB GA TA FO     MP     PP MP  PK MP  
------------------------------------------------------------------------------------
Andreas Athanasiou       0  0  0  -1  2   0  2  2  2  0  0/1    19:52   4:22   0:00 
Austen Brassard          0  1  1   0  0   0  3  1  0  0  0/0    12:53   0:00   0:00 
Ben Betker               0  1  1   0  0   0  0  0  0  0  0/0    20:54   3:10   0:59 
Brett Kulak              0  1  1   0  0   3  0  2  0  0  0/0    20:54   3:10   0:59 
Carter Ashton            0  0  0   1  0   3  1  0  0  1  0/0    16:19   2:55   0:00 
Corey Tropp              1  0  1   0  0   3  2  0  0  0  0/0    21:46   4:30   1:19 
Elias Lindholm           1  0  1   0  0   4  2  1  0  0  5/8    13:55   0:36   0:00 
Fredrik Claesson         0  0  0  -1  0   0  0  1  0  0  0/0    12:23   0:04   0:00 
John Quenneville         0  0  0   0  0   1  0  0  1  1  2/3     8:54   0:38   0:00 
Joseph Cramarossa        0  0  0   0  0   0  0  0  0  0  0/0     8:33   0:11   0:42 
Madison Bowey            0  0  0   1  0   1  1  0  1  0  0/0    27:32   4:42   1:21 
Michael Joly             0  0  0   0  0   0  0  0  0  0  0/0     8:02   0:22   0:00 
Nikita Gusev             0  1  1   0  2   1  0  0  0  0  0/0    13:51   0:00   0:33 
Noah Juulsen             0  0  0  -1  0   1  1  0  0  0  0/0    12:23   0:04   0:00 
Radek Faksa              0  0  0   0  0   1  1  0  0  0  9/13   17:09   2:56   0:47 
Samuel Morin             0  0  0   1  0   1  1  3  0  0  0/0    27:32   4:42   1:21 
Tyler Bertuzzi           1  0  1   1  0   3  1  0  1  1  0/0    16:20   2:53   0:00 
Zack Hamill              0  1  1   0  0   2  2  0  1  1  17/33  21:42   4:25   1:19 

3 Stars

1 - Iiro Pakarinen (Lon)
2 - Ludwig Bystrom (Lon)
3 - Dwight King (Lon)

Power Play

Knights - 1 on 2 Attempt(s) - 50.00%
Punishers - 0 on 4 Attempt(s) - 0.00%

Penalty Kill

Knights - 4 on 4 Attempt(s) - 100.00% - Score 0 goal in Penalty Kill
Punishers - 1 on 2 Attempt(s) - 50.00% - Score 0 goal in Penalty Kill

Team Stat

Knights - Hits : 19 - Faceoff Wins : 25 - Blocked Shots : 12 - Penalty Minutes : 8
Punishers - Hits : 17 - Faceoff Wins : 33 - Blocked Shots : 10 - Penalty Minutes : 4

Official

Referees : Unknown
Linesman : Unknown

Game Notes

No Game Note

Finance

Level 1 -- Attendance: 1294 (64.70%) -- Ticket Income $51,760
Level 2 -- Attendance: 705 (70.50%) -- Ticket Income $14,100
Total Attendance: 1999 (66.63%)
Total Ticket Income: $65,860
Other Income: $3,293
Total Income: $69,153

Knights

5 vs 5 Forward 
   Center                   Left Wing                Right Wing               Time % Phy DF OF 
 1 Cedric Paquette          Dwight King              Iiro Pakarinen           40     1   2  2  
 2 Nicolas Petan            Jordan Martinook         Josh Bailey              30     1   2  2  
 3 Alan Quine               Nikolaj Ehlers           Frank Vatrano            20     1   2  2  
 4 Dominik Kahun            Nathan Walker            Nikolay Goldobin         10     1   2  2  

5 vs 5 Defense 
   Defense                  Defense                                           Time % Phy DF OF 
 1 Mirco Mueller            Vladislav Gavrikov                                40     1   2  2  
 2 Ludwig Bystrom           Matthew Benning                                   30     1   2  2  
 3 Alexandre Carrier        Jesse Graham                                      20     1   2  2  
 4 John Marino              Sami Niku                                         10     1   2  2  

PowerPlay Forward 
   Center                   Left Wing                Right Wing               Time % Phy DF OF 
 1 Cedric Paquette          Dwight King              Iiro Pakarinen           60     1   2  2  
 2 Nicolas Petan            Jordan Martinook         Josh Bailey              40     1   2  2  

PowerPlay Defense
   Defense                  Defense                                           Time % Phy DF OF 
 1 Mirco Mueller            Vladislav Gavrikov                                60     1   2  2  
 2 Ludwig Bystrom           Matthew Benning                                   40     1   2  2  

Penalty Kill 4 Players Forward 
   Center                   Wing                     Time % Phy DF OF 
 1 Dwight King              Jordan Martinook         60     1   2  2  
 2 Iiro Pakarinen           Josh Bailey              40     1   2  2  

Penalty Kill 4 Players Defense
   Defense                  Defense                  Time % Phy DF OF 
 1 Mirco Mueller            Vladislav Gavrikov       60     1   2  2  
 2 Ludwig Bystrom           Matthew Benning          40     1   2  2  

Penalty Kill - 3 Players Forward 
   Forward                                           Time % Phy DF OF 
 1 Dwight King                                       60     1   2  2  
 2 Jordan Martinook                                  40     1   2  2  

Penalty Kill - 3 Players Defense
   Defense                  Defense                  Time % Phy DF OF 
 1 Mirco Mueller            Vladislav Gavrikov       60     1   2  2  
 2 Ludwig Bystrom           Matthew Benning          40     1   2  2  

4 vs 4 Forward 
   Center                   Wing                     Time % Phy DF OF 
 1 Dwight King              Jordan Martinook         60     1   2  2  
 2 Iiro Pakarinen           Josh Bailey              40     1   2  2  

4 vs 4 Defense
   Defense                  Defense                  Time % Phy DF OF 
 1 Mirco Mueller            Vladislav Gavrikov       60     1   2  2  
 2 Ludwig Bystrom           Matthew Benning          40     1   2  2  

Last Minutes Offensive
   Center                   Left Wing                Right Wing               Defense                  Defense                  
   Cedric Paquette          Dwight King              Iiro Pakarinen           Mirco Mueller            Vladislav Gavrikov       

Last Minutes Defensive
   Center                   Left Wing                Right Wing               Defense                  Defense                  
   Cedric Paquette          Dwight King              Iiro Pakarinen           Mirco Mueller            Vladislav Gavrikov       

Goaltenders
Starting : Magnus Hellberg          
Backup : Philippe Desrosiers      

Extra Forwards
Normal : Nicklas Jensen, Brendan Perlini, Mackenzie MacEachern - PP : Nicklas Jensen, Brendan Perlini - PK : Mackenzie MacEachern
Extra Defensemen
Normal : Alexandre Carrier, Jesse Graham, John Marino - PP : Alexandre Carrier - PK : Jesse Graham, John Marino
Penalty Shots
Dwight King, Jordan Martinook, Iiro Pakarinen, Josh Bailey, Frank Vatrano

Scratches
Troy Stetcher (Bruised Right Foot Injury), Mitchell Stephens (Healthy), David Kase (Healthy), Jansen Harkins (Healthy), John Hayden (Healthy)
Jayce Hawryluk (Healthy), Ryan Collins (Healthy), William Lagesson (Healthy), Joey Daccord (Healthy)

Punishers

5 vs 5 Forward 
   Center                   Left Wing                Right Wing               Time % Phy DF OF 
 1 Zack Hamill              Andreas Athanasiou       Corey Tropp              40     1   2  2  
 2 Radek Faksa              Tyler Bertuzzi           Carter Ashton            30     1   2  2  
 3 Elias Lindholm           Nikita Gusev             Austen Brassard          20     1   2  2  
 4 John Quenneville         Joseph Cramarossa        Michael Joly             10     1   2  2  

5 vs 5 Defense 
   Defense                  Defense                                           Time % Phy DF OF 
 1 Samuel Morin             Madison Bowey                                     40     1   2  2  
 2 Brett Kulak              Ben Betker                                        30     1   2  2  
 3 Fredrik Claesson         Noah Juulsen                                      20     1   2  2  
 4 Samuel Morin             Madison Bowey                                     10     1   2  2  

PowerPlay Forward 
   Center                   Left Wing                Right Wing               Time % Phy DF OF 
 1 Zack Hamill              Andreas Athanasiou       Corey Tropp              60     1   2  2  
 2 Radek Faksa              Tyler Bertuzzi           Carter Ashton            40     1   2  2  

PowerPlay Defense
   Defense                  Defense                                           Time % Phy DF OF 
 1 Samuel Morin             Madison Bowey                                     60     1   2  2  
 2 Brett Kulak              Ben Betker                                        40     1   2  2  

Penalty Kill 4 Players Forward 
   Center                   Wing                     Time % Phy DF OF 
 1 Zack Hamill              Corey Tropp              60     1   2  2  
 2 Andreas Athanasiou       Radek Faksa              40     1   2  2  

Penalty Kill 4 Players Defense
   Defense                  Defense                  Time % Phy DF OF 
 1 Samuel Morin             Madison Bowey            60     1   2  2  
 2 Brett Kulak              Ben Betker               40     1   2  2  

Penalty Kill - 3 Players Forward 
   Forward                                           Time % Phy DF OF 
 1 Zack Hamill                                       60     1   2  2  
 2 Corey Tropp                                       40     1   2  2  

Penalty Kill - 3 Players Defense
   Defense                  Defense                  Time % Phy DF OF 
 1 Samuel Morin             Madison Bowey            60     1   2  2  
 2 Brett Kulak              Ben Betker               40     1   2  2  

4 vs 4 Forward 
   Center                   Wing                     Time % Phy DF OF 
 1 Zack Hamill              Corey Tropp              60     1   2  2  
 2 Andreas Athanasiou       Radek Faksa              40     1   2  2  

4 vs 4 Defense
   Defense                  Defense                  Time % Phy DF OF 
 1 Samuel Morin             Madison Bowey            60     1   2  2  
 2 Brett Kulak              Ben Betker               40     1   2  2  

Last Minutes Offensive
   Center                   Left Wing                Right Wing               Defense                  Defense                  
   Zack Hamill              Andreas Athanasiou       Corey Tropp              Samuel Morin             Madison Bowey            

Last Minutes Defensive
   Center                   Left Wing                Right Wing               Defense                  Defense                  
   Zack Hamill              Andreas Athanasiou       Corey Tropp              Samuel Morin             Madison Bowey            

Goaltenders
Starting : Louis Domingue           
Backup : Daniel Altshuller        

Extra Forwards
Normal : Elias Lindholm, John Quenneville, Nikita Gusev - PP : Elias Lindholm, John Quenneville - PK : Nikita Gusev
Extra Defensemen
Normal : Fredrik Claesson, Noah Juulsen, Brett Kulak - PP : Fredrik Claesson - PK : Noah Juulsen, Brett Kulak
Penalty Shots
Zack Hamill, Corey Tropp, Andreas Athanasiou, Radek Faksa, Elias Lindholm

Scratches
Niko Mikkola (Healthy), Adam Pelech (Back Surgery Injury), Connor Clifton (Healthy), Nicolas Roy (Healthy), Gabriel Gagne (Healthy)
Austin Wagner (Healthy), Anton Blidh (Healthy), Daniel Audette (Healthy), Alex Schoenborn (Healthy)

% Time on Ice - Knights

Lines # - Real PCT - Wanted PCT - Time Play
Normal Forward
1 - 34% - 40% - 17:09
2 - 25% - 30% - 12:23
3 - 23% - 20% - 11:37
4 - 17% - 10% - 8:35
Normal Defense
1 - 39% - 40% - 19:17
2 - 31% - 30% - 15:31
3 - 19% - 20% - 9:16
4 - 11% - 10% - 5:40
PP Forward
1 - 63% - 60% - 1:28
2 - 37% - 40% - 0:52
PP Defense
1 - 66% - 60% - 1:33
2 - 34% - 40% - 0:47
PK Forward
1 - 74% - 60% - 5:53
2 - 26% - 40% - 2:03
PK Defense
1 - 60% - 60% - 4:47
2 - 40% - 40% - 3:09
PK3 Forward
1 - 0% - 60%
2 - 0% - 40%
PK3 Defense
1 - 0% - 60%
2 - 0% - 40%
44 Forward
1 - 86% - 60% - 0:42
2 - 14% - 40% - 0:07
44 Defense
1 - 57% - 60% - 0:28
2 - 43% - 40% - 0:21
Last Minute Offensive  - 0:00
Last Minute Defensive  - 0:00
Total
Forward - 60:49
Defense - 60:49

% Time on Ice - Punishers

Lines # - Real PCT - Wanted PCT - Time Play
Normal Forward
1 - 32% - 40% - 15:55
2 - 27% - 30% - 13:27
3 - 26% - 20% - 12:53
4 - 15% - 10% - 7:29
Normal Defense
1 - 40% - 40% - 19:55
2 - 33% - 30% - 16:37
3 - 23% - 20% - 11:30
4 - 3% - 10% - 1:42
PP Forward
1 - 63% - 60% - 5:00
2 - 37% - 40% - 2:56
PP Defense
1 - 60% - 60% - 4:46
2 - 40% - 40% - 3:10
PK Forward
1 - 86% - 60% - 2:01
2 - 14% - 40% - 0:19
PK Defense
1 - 58% - 60% - 1:21
2 - 42% - 40% - 0:59
PK3 Forward
1 - 0% - 60%
2 - 0% - 40%
PK3 Defense
1 - 0% - 60%
2 - 0% - 40%
44 Forward
1 - 84% - 60% - 0:41
2 - 16% - 40% - 0:08
44 Defense
1 - 84% - 60% - 0:41
2 - 16% - 40% - 0:08
Last Minute Offensive  - 0:00
Last Minute Defensive  - 0:00
Total
Forward - 60:49
Defense - 60:49

Play-by-Play

1st period


0:01 of 1st period - Cedric Paquette wins face-off versus Zack Hamill in neutral zone.
0:39 of 1st period - Slapshot by Dwight King.
0:39 of 1st period - Stopped by Louis Domingue with a rebound.
0:41 of 1st period - Snap shot by Dwight King.
0:41 of 1st period - Shot Blocked by Samuel Morin.
0:43 of 1st period - Slapshot by Ludwig Bystrom.
0:43 of 1st period - Stopped by Louis Domingue with a rebound.
0:45 of 1st period - Slapshot by Matthew Benning.
0:45 of 1st period - Stopped by Louis Domingue with a rebound.
0:51 of 1st period - Snap shot by Iiro Pakarinen.
0:51 of 1st period - Shot Misses the Net.
1:53 of 1st period - Wrist shot by Elias Lindholm.
1:53 of 1st period - Shot Blocked by Mirco Mueller.
1:59 of 1st period - Wrist shot by Elias Lindholm.
1:59 of 1st period - Stopped by Magnus Hellberg without a rebound.
2:00 of 1st period - Radek Faksa wins face-off versus Nicolas Petan in Knights zone.
2:27 of 1st period - Andreas Athanasiou is hit by Frank Vatrano and loses puck.
2:56 of 1st period - Icing by Dominik Kahun.
2:57 of 1st period - Dominik Kahun wins face-off versus John Quenneville in Knights zone.
3:48 of 1st period - Joseph Cramarossa is hit by Nikolay Goldobin.
4:20 of 1st period - Backhand shot by John Quenneville.
4:20 of 1st period - Shot Misses the Net.
4:22 of 1st period - Slapshot by Samuel Morin.
4:22 of 1st period - Deflect By John Quenneville.
4:22 of 1st period - Stopped by Magnus Hellberg without a rebound.
4:23 of 1st period - Nicolas Petan wins face-off versus Zack Hamill in Knights zone.
5:21 of 1st period - Icing by Corey Tropp.
5:22 of 1st period - Zack Hamill wins face-off versus Cedric Paquette in Punishers zone.
6:13 of 1st period - Wrist shot by Iiro Pakarinen.
6:13 of 1st period - Deflect By Cedric Paquette.
6:13 of 1st period - Stopped by Louis Domingue with a rebound.
6:15 of 1st period - Wrist shot by Cedric Paquette.
6:15 of 1st period - Stopped by Louis Domingue without a rebound.
6:16 of 1st period - Nicolas Petan wins face-off versus Zack Hamill in Punishers zone.
6:19 of 1st period - Snap shot by Jordan Martinook.
6:19 of 1st period - Shot Misses the Net.
6:21 of 1st period - Snap shot by Jordan Martinook.
6:21 of 1st period - Stopped by Louis Domingue without a rebound.
6:22 of 1st period - Zack Hamill wins face-off versus Nicolas Petan in Punishers zone.
7:14 of 1st period - Snap shot by Nathan Walker.
7:14 of 1st period - Stopped by Louis Domingue with a rebound.
7:16 of 1st period - Snap shot by Nathan Walker.
7:16 of 1st period - Stopped by Louis Domingue without a rebound.
7:17 of 1st period - Nicolas Petan wins face-off versus Zack Hamill in Punishers zone.
7:18 of 1st period - Snap shot by Jordan Martinook.
7:18 of 1st period - Shot Misses the Net.
7:24 of 1st period - Slapshot by Corey Tropp.
7:24 of 1st period - Goal by Corey Tropp - Knights : 0 - Punishers : 1.
7:25 of 1st period - Nicolas Petan wins face-off versus Zack Hamill in neutral zone.
7:37 of 1st period - Off-side.
7:38 of 1st period - Radek Faksa wins face-off versus Nicolas Petan in neutral zone.
7:49 of 1st period - Slapshot by Radek Faksa.
7:49 of 1st period - Shot Misses the Net.
8:03 of 1st period - Samuel Morin is hit by Mirco Mueller and loses puck.
8:40 of 1st period - Minor Penalty to Alan Quine for Interference.
8:41 of 1st period - Zack Hamill wins face-off versus Dwight King in Knights zone.
8:50 of 1st period - Wrist shot by Corey Tropp.
8:50 of 1st period - Stopped by Magnus Hellberg with a rebound.
8:52 of 1st period - Slapshot by Samuel Morin.
8:52 of 1st period - Shot Misses the Net.
8:54 of 1st period - Wrist shot by Zack Hamill.
8:54 of 1st period - Deflect By Andreas Athanasiou.
8:54 of 1st period - Shot Misses the Net.
8:54 of 1st period - Puck is out of play.
8:55 of 1st period - Dwight King wins face-off versus Andreas Athanasiou in Knights zone.
10:13 of 1st period - Slapshot by Mackenzie MacEachern.
10:13 of 1st period - Shot Misses the Net.
10:15 of 1st period - Snap shot by Nikolaj Ehlers.
10:15 of 1st period - Stopped by Louis Domingue with a rebound.
10:17 of 1st period - Wrist shot by Mirco Mueller.
10:17 of 1st period - Shot Misses the Net.
10:19 of 1st period - Slapshot by Mirco Mueller.
10:19 of 1st period - Shot Blocked by Brett Kulak.
10:40 of 1st period - Penalty to Alan Quine is over, Alan Quine is back on ice.
10:41 of 1st period - Madison Bowey is hit by Iiro Pakarinen and loses puck.
10:53 of 1st period - Icing by Mirco Mueller.
10:54 of 1st period - Elias Lindholm wins face-off versus Dominik Kahun in Knights zone.
12:10 of 1st period - Slapshot by Iiro Pakarinen.
12:10 of 1st period - Shot Blocked by Brett Kulak.
12:26 of 1st period - John Marino is hit by Andreas Athanasiou and loses puck.
12:51 of 1st period - Jordan Martinook is hit by Elias Lindholm and loses puck.
13:00 of 1st period - Noah Juulsen is hit by Jordan Martinook and loses puck.
13:49 of 1st period - Slapshot by Nikolaj Ehlers.
13:49 of 1st period - Stopped by Louis Domingue with a rebound.
13:51 of 1st period - Slapshot by Alexandre Carrier.
13:51 of 1st period - Deflect By Ben Betker.
13:51 of 1st period - Stopped by Louis Domingue with a rebound.
13:53 of 1st period - Wrist shot by Alan Quine.
13:53 of 1st period - Shot Misses the Net.
13:55 of 1st period - Slapshot by Jesse Graham.
13:55 of 1st period - Stopped by Louis Domingue without a rebound.
13:56 of 1st period - Radek Faksa wins face-off versus Cedric Paquette in Punishers zone.
13:56 of 1st period - Radek Faksa is hit by Dwight King.
14:04 of 1st period - Wrist shot by Dwight King.
14:04 of 1st period - Shot Misses the Net.
14:22 of 1st period - Jordan Martinook is hit by Corey Tropp and loses puck.
15:00 of 1st period - Joseph Cramarossa is hit by Dominik Kahun and loses puck.
15:23 of 1st period - Fredrik Claesson is hit by Jordan Martinook.
15:24 of 1st period - Icing by Fredrik Claesson.
15:25 of 1st period - Zack Hamill wins face-off versus Nicolas Petan in Punishers zone.
15:43 of 1st period - Off-side.
15:44 of 1st period - Radek Faksa wins face-off versus Cedric Paquette in neutral zone.
15:44 of 1st period - Radek Faksa is hit by Dwight King.
15:48 of 1st period - Slapshot by Samuel Morin.
15:48 of 1st period - Deflect By Tyler Bertuzzi.
15:48 of 1st period - Shot Misses the Net.
15:48 of 1st period - Puck is out of play.
15:49 of 1st period - Radek Faksa wins face-off versus Cedric Paquette in Knights zone.
16:14 of 1st period - Nicolas Petan is hit by Corey Tropp and loses puck.
16:45 of 1st period - Wrist shot by Nikita Gusev.
16:45 of 1st period - Stopped by Magnus Hellberg without a rebound.
16:46 of 1st period - Zack Hamill wins face-off versus Cedric Paquette in Knights zone.
16:57 of 1st period - Snap shot by Iiro Pakarinen.
16:57 of 1st period - Goal by Iiro Pakarinen - Knights : 1 - Punishers : 1.
16:58 of 1st period - Zack Hamill wins face-off versus Cedric Paquette in neutral zone.
17:01 of 1st period - Snap shot by Samuel Morin.
17:01 of 1st period - Stopped by Magnus Hellberg without a rebound.
17:02 of 1st period - Zack Hamill wins face-off versus Cedric Paquette in Knights zone.
17:17 of 1st period - Snap shot by Zack Hamill.
17:17 of 1st period - Shot Misses the Net.
17:51 of 1st period - Snap shot by Elias Lindholm.
17:51 of 1st period - Shot Blocked by Mirco Mueller.
18:15 of 1st period - Slapshot by Corey Tropp.
18:15 of 1st period - Stopped by Magnus Hellberg without a rebound.
18:16 of 1st period - Radek Faksa wins face-off versus Dominik Kahun in Knights zone.
18:27 of 1st period - Snap shot by Radek Faksa.
18:27 of 1st period - Shot Blocked by Alexandre Carrier.
18:29 of 1st period - Wrist shot by Carter Ashton.
18:29 of 1st period - Stopped by Magnus Hellberg with a rebound.
18:31 of 1st period - Wrist shot by Carter Ashton.
18:31 of 1st period - Stopped by Magnus Hellberg with a rebound.
18:41 of 1st period - Nathan Walker is hit by Austen Brassard.
18:47 of 1st period - Wrist shot by Nathan Walker.
18:47 of 1st period - Shot Blocked by Austen Brassard.
18:49 of 1st period - Slapshot by Ludwig Bystrom.
18:49 of 1st period - Shot Blocked by Elias Lindholm.
18:51 of 1st period - Slapshot by Ludwig Bystrom.
18:51 of 1st period - Shot Blocked by Fredrik Claesson.
18:53 of 1st period - Slapshot by Ludwig Bystrom.
18:53 of 1st period - Shot Misses the Net.
18:55 of 1st period - Slapshot by Matthew Benning.
18:55 of 1st period - Goal by Matthew Benning - Knights : 2 - Punishers : 1.
18:56 of 1st period - Cedric Paquette wins face-off versus Zack Hamill in neutral zone.
19:09 of 1st period - Wrist shot by Iiro Pakarinen.
19:09 of 1st period - Shot Misses the Net.
19:11 of 1st period - Slapshot by Mirco Mueller.
19:11 of 1st period - Shot Blocked by Samuel Morin.
19:30 of 1st period - Andreas Athanasiou is hit by Vladislav Gavrikov and loses puck.
Goals for this period are 2 for Knights vs 1 for Punishers.
Shots for this period are 14 for Knights vs 9 for Punishers.

2nd period


0:01 of 2nd period - Cedric Paquette wins face-off versus Radek Faksa in neutral zone.
0:30 of 2nd period - Off-side.
0:31 of 2nd period - Nicolas Petan wins face-off versus Elias Lindholm in neutral zone.
0:41 of 2nd period - Snap shot by Nikita Gusev.
0:41 of 2nd period - Shot Blocked by Vladislav Gavrikov.
0:43 of 2nd period - Slapshot by Brett Kulak.
0:43 of 2nd period - Stopped by Magnus Hellberg without a rebound.
0:44 of 2nd period - Radek Faksa wins face-off versus Cedric Paquette in Knights zone.
0:45 of 2nd period - Snap shot by Carter Ashton.
0:45 of 2nd period - Shot Blocked by Iiro Pakarinen.
0:47 of 2nd period - Snap shot by Tyler Bertuzzi.
0:47 of 2nd period - Stopped by Magnus Hellberg without a rebound.
0:48 of 2nd period - Radek Faksa wins face-off versus Cedric Paquette in Knights zone.
1:00 of 2nd period - Minor Penalty to Dwight King for Tripping.
1:01 of 2nd period - Mackenzie MacEachern wins face-off versus Zack Hamill in Knights zone.
2:21 of 2nd period - Carter Ashton is hit by Ludwig Bystrom and loses puck.
3:00 of 2nd period - Penalty to Dwight King is over, Dwight King is back on ice.
3:25 of 2nd period - Icing by Elias Lindholm.
3:26 of 2nd period - Elias Lindholm wins face-off versus Cedric Paquette in Punishers zone.
3:58 of 2nd period - Snap shot by Elias Lindholm.
3:58 of 2nd period - Goal by Elias Lindholm - Knights : 2 - Punishers : 2.
3:59 of 2nd period - Dwight King wins face-off versus Zack Hamill in neutral zone.
4:15 of 2nd period - Off-side.
4:16 of 2nd period - Nicolas Petan wins face-off versus Radek Faksa in neutral zone.
4:18 of 2nd period - Minor Penalty to Nicolas Petan for Hooking.
4:19 of 2nd period - Dwight King wins face-off versus Zack Hamill in Knights zone.
4:45 of 2nd period - Tyler Bertuzzi is hit by Iiro Pakarinen and loses puck.
6:18 of 2nd period - Penalty to Nicolas Petan is over, Nicolas Petan is back on ice.
6:48 of 2nd period - Slapshot by Samuel Morin.
6:48 of 2nd period - Shot Misses the Net.
7:51 of 2nd period - Snap shot by Iiro Pakarinen.
7:51 of 2nd period - Shot Blocked by Andreas Athanasiou.
7:53 of 2nd period - Slapshot by Nikolay Goldobin.
7:53 of 2nd period - Stopped by Louis Domingue with a rebound.
8:17 of 2nd period - Radek Faksa is hit by Frank Vatrano and loses puck.
8:22 of 2nd period - Wrist shot by Frank Vatrano.
8:22 of 2nd period - Stopped by Louis Domingue without a rebound.
8:23 of 2nd period - Elias Lindholm wins face-off versus Cedric Paquette in Punishers zone.
8:32 of 2nd period - Snap shot by Austen Brassard.
8:32 of 2nd period - Shot Blocked by Iiro Pakarinen.
8:34 of 2nd period - Slapshot by Brett Kulak.
8:34 of 2nd period - Stopped by Magnus Hellberg with a rebound.
8:36 of 2nd period - Slapshot by Elias Lindholm.
8:36 of 2nd period - Stopped by Magnus Hellberg with a rebound.
8:55 of 2nd period - Snap shot by Frank Vatrano.
8:55 of 2nd period - Stopped by Louis Domingue without a rebound.
8:56 of 2nd period - Josh Bailey wins face-off versus Radek Faksa in Punishers zone.
9:25 of 2nd period - Frank Vatrano is hit by Zack Hamill.
10:05 of 2nd period - Icing by Nikita Gusev.
10:06 of 2nd period - Elias Lindholm wins face-off versus Dominik Kahun in Punishers zone.
10:33 of 2nd period - Snap shot by Iiro Pakarinen.
10:33 of 2nd period - Shot Misses the Net.
10:35 of 2nd period - Snap shot by Dwight King.
10:35 of 2nd period - Stopped by Louis Domingue without a rebound.
10:36 of 2nd period - Radek Faksa wins face-off versus Cedric Paquette in Punishers zone.
10:43 of 2nd period - Slapshot by Radek Faksa.
10:43 of 2nd period - Shot Misses the Net.
11:14 of 2nd period - Wrist shot by Tyler Bertuzzi.
11:14 of 2nd period - Shot Misses the Net.
11:22 of 2nd period - Iiro Pakarinen is hit by Carter Ashton.
11:49 of 2nd period - Snap shot by Carter Ashton.
11:49 of 2nd period - Shot Blocked by Cedric Paquette.
12:21 of 2nd period - Slapshot by Brett Kulak.
12:21 of 2nd period - Shot Blocked by Vladislav Gavrikov.
12:23 of 2nd period - Snap shot by Tyler Bertuzzi.
12:23 of 2nd period - Stopped by Magnus Hellberg without a rebound.
12:24 of 2nd period - Zack Hamill wins face-off versus Josh Bailey in Knights zone.
12:25 of 2nd period - Snap shot by Corey Tropp.
12:25 of 2nd period - Shot Blocked by Ludwig Bystrom.
13:10 of 2nd period - Minor Penalty to Frank Vatrano for Boarding.
13:11 of 2nd period - Zack Hamill wins face-off versus Mackenzie MacEachern in Knights zone.
15:10 of 2nd period - Penalty to Frank Vatrano is over, Frank Vatrano is back on ice.
15:55 of 2nd period - Wrist shot by John Quenneville.
15:55 of 2nd period - Shot Misses the Net.
16:11 of 2nd period - Wrist shot by Nikolaj Ehlers.
16:11 of 2nd period - Stopped by Louis Domingue with a rebound.
16:50 of 2nd period - Brett Kulak is hit by Josh Bailey and loses puck.
17:59 of 2nd period - Ludwig Bystrom is hit by Noah Juulsen and loses puck.
18:37 of 2nd period - Nicolas Petan is hit by Samuel Morin and loses puck.
19:30 of 2nd period - Mirco Mueller is hit by Madison Bowey and loses puck.
19:50 of 2nd period - Dominik Kahun is hit by Radek Faksa and loses puck.
Goals for this period are 0 for Knights vs 1 for Punishers.
Shots for this period are 5 for Knights vs 6 for Punishers.

3rd period


0:01 of 3rd period - Cedric Paquette wins face-off versus Zack Hamill in neutral zone.
0:16 of 3rd period - Backhand shot by Dwight King.
0:16 of 3rd period - Stopped by Louis Domingue with a rebound.
0:34 of 3rd period - Wrist shot by Jordan Martinook.
0:34 of 3rd period - Stopped by Louis Domingue with a rebound.
0:56 of 3rd period - Wrist shot by Frank Vatrano.
0:56 of 3rd period - Deflect By Nikolaj Ehlers.
0:56 of 3rd period - Stopped by Louis Domingue with a rebound.
1:30 of 3rd period - Wrist shot by Zack Hamill.
1:30 of 3rd period - Stopped by Magnus Hellberg with a rebound.
2:18 of 3rd period - Wrist shot by Frank Vatrano.
2:18 of 3rd period - Stopped by Louis Domingue without a rebound.
2:19 of 3rd period - Zack Hamill wins face-off versus Alan Quine in Punishers zone.
2:19 of 3rd period - Zack Hamill is hit by Sami Niku.
2:31 of 3rd period - Wrist shot by Nikolaj Ehlers.
2:31 of 3rd period - Shot Blocked by Andreas Athanasiou.
2:33 of 3rd period - Snap shot by Frank Vatrano.
2:33 of 3rd period - Stopped by Louis Domingue without a rebound.
2:34 of 3rd period - Zack Hamill wins face-off versus Cedric Paquette in Punishers zone.
2:36 of 3rd period - Minor Penalty to Andreas Athanasiou for Hooking.
2:37 of 3rd period - Zack Hamill wins face-off versus Cedric Paquette in Punishers zone.
4:07 of 3rd period - Josh Bailey is hit by Zack Hamill and loses puck.
4:36 of 3rd period - Penalty to Andreas Athanasiou is over, Andreas Athanasiou is back on ice.
4:44 of 3rd period - Snap shot by Radek Faksa.
4:44 of 3rd period - Shot Blocked by Frank Vatrano.
4:52 of 3rd period - Wrist shot by Alan Quine.
4:52 of 3rd period - Stopped by Louis Domingue with a rebound.
4:54 of 3rd period - Slapshot by Ludwig Bystrom.
4:54 of 3rd period - Stopped by Louis Domingue with a rebound.
5:04 of 3rd period - Alexandre Carrier is hit by Tyler Bertuzzi and loses puck.
5:57 of 3rd period - Wrist shot by Elias Lindholm.
5:57 of 3rd period - Stopped by Magnus Hellberg with a rebound.
5:59 of 3rd period - Slapshot by Noah Juulsen.
5:59 of 3rd period - Stopped by Magnus Hellberg without a rebound.
6:00 of 3rd period - John Quenneville wins face-off versus Alan Quine in Knights zone.
7:00 of 3rd period - Snap shot by John Quenneville.
7:00 of 3rd period - Shot Misses the Net.
7:02 of 3rd period - Wrist shot by Joseph Cramarossa.
7:02 of 3rd period - Shot Misses the Net.
7:04 of 3rd period - Slapshot by Brett Kulak.
7:04 of 3rd period - Stopped by Magnus Hellberg without a rebound.
7:05 of 3rd period - John Quenneville wins face-off versus Cedric Paquette in Knights zone.
7:06 of 3rd period - Slapshot by Samuel Morin.
7:06 of 3rd period - Shot Misses the Net.
7:39 of 3rd period - Jordan Martinook is hit by Andreas Athanasiou and loses puck.
8:12 of 3rd period - Ben Betker is hit by Matthew Benning and loses puck.
8:21 of 3rd period - Slapshot by Iiro Pakarinen.
8:21 of 3rd period - Deflect By Dwight King.
8:21 of 3rd period - Shot Misses the Net.
8:21 of 3rd period - Puck is out of play.
8:22 of 3rd period - Zack Hamill wins face-off versus Nicolas Petan in Punishers zone.
8:29 of 3rd period - Snap shot by Corey Tropp.
8:29 of 3rd period - Shot Misses the Net.
8:54 of 3rd period - Snap shot by Carter Ashton.
8:54 of 3rd period - Stopped by Magnus Hellberg with a rebound.
9:58 of 3rd period - Slapshot by Josh Bailey.
9:58 of 3rd period - Shot Misses the Net.
10:17 of 3rd period - Snap shot by Radek Faksa.
10:17 of 3rd period - Stopped by Magnus Hellberg with a rebound.
10:19 of 3rd period - Snap shot by Ben Betker.
10:19 of 3rd period - Shot Blocked by Cedric Paquette.
10:21 of 3rd period - Slapshot by Brett Kulak.
10:21 of 3rd period - Shot Misses the Net.
10:23 of 3rd period - Slapshot by Tyler Bertuzzi.
10:23 of 3rd period - Goal by Tyler Bertuzzi - Knights : 2 - Punishers : 3.
10:24 of 3rd period - Cedric Paquette wins face-off versus Zack Hamill in neutral zone.
10:34 of 3rd period - Snap shot by Iiro Pakarinen.
10:34 of 3rd period - Shot Misses the Net.
10:36 of 3rd period - Wrist shot by Iiro Pakarinen.
10:36 of 3rd period - Shot Misses the Net.
10:38 of 3rd period - Slapshot by Vladislav Gavrikov.
10:38 of 3rd period - Shot Misses the Net.
10:40 of 3rd period - Slapshot by Mirco Mueller.
10:40 of 3rd period - Stopped by Louis Domingue without a rebound.
10:41 of 3rd period - Nicolas Petan wins face-off versus Radek Faksa in Punishers zone.
10:51 of 3rd period - Off-side.
10:52 of 3rd period - Zack Hamill wins face-off versus Cedric Paquette in neutral zone.
11:08 of 3rd period - Slapshot by Dwight King.
11:08 of 3rd period - Shot Misses the Net.
11:31 of 3rd period - Off-side.
11:32 of 3rd period - Nicolas Petan wins face-off versus Elias Lindholm in neutral zone.
11:32 of 3rd period - Nicolas Petan is hit by Austen Brassard.
11:42 of 3rd period - Snap shot by Josh Bailey.
11:42 of 3rd period - Stopped by Louis Domingue with a rebound.
11:49 of 3rd period - Icing by Nikita Gusev.
11:50 of 3rd period - Cedric Paquette wins face-off versus Elias Lindholm in Punishers zone.
12:41 of 3rd period - Minor Penalty to Nikita Gusev for Tripping.
12:42 of 3rd period - Cedric Paquette wins face-off versus Zack Hamill in Punishers zone.
12:46 of 3rd period - Snap shot by Dwight King.
12:46 of 3rd period - Stopped by Louis Domingue with a rebound.
12:48 of 3rd period - Snap shot by Cedric Paquette.
12:48 of 3rd period - Stopped by Louis Domingue without a rebound.
12:49 of 3rd period - Zack Hamill wins face-off versus Cedric Paquette in Punishers zone.
12:54 of 3rd period - Wrist shot by Dwight King.
12:54 of 3rd period - Shot Blocked by Samuel Morin.
13:02 of 3rd period - Snap shot by Dwight King.
13:02 of 3rd period - Goal by Dwight King - Knights : 3 - Punishers : 3.
13:03 of 3rd period - Cedric Paquette wins face-off versus Zack Hamill in neutral zone.
13:23 of 3rd period - Samuel Morin is hit by Dwight King and loses puck.
14:19 of 3rd period - Wrist shot by Nathan Walker.
14:19 of 3rd period - Stopped by Louis Domingue without a rebound.
14:20 of 3rd period - Elias Lindholm wins face-off versus Nikolay Goldobin in Punishers zone.
14:25 of 3rd period - Snap shot by Nikolay Goldobin.
14:25 of 3rd period - Stopped by Louis Domingue without a rebound.
14:26 of 3rd period - Cedric Paquette wins face-off versus Zack Hamill in Punishers zone.
15:00 of 3rd period - Fredrik Claesson is hit by Mirco Mueller and loses puck.
15:18 of 3rd period - Frank Vatrano is hit by Austen Brassard and loses puck.
15:54 of 3rd period - Icing by Madison Bowey.
15:55 of 3rd period - Zack Hamill wins face-off versus Alan Quine in Punishers zone.
16:02 of 3rd period - Backhand shot by Andreas Athanasiou.
16:02 of 3rd period - Deflect By Zack Hamill.
16:02 of 3rd period - Stopped by Magnus Hellberg with a rebound.
16:04 of 3rd period - Slapshot by Madison Bowey.
16:04 of 3rd period - Deflect By Alan Quine.
16:04 of 3rd period - Stopped by Magnus Hellberg without a rebound.
16:05 of 3rd period - Alan Quine wins face-off versus Zack Hamill in Knights zone.
16:10 of 3rd period - Zack Hamill is hit by Vladislav Gavrikov.
17:14 of 3rd period - Wrist shot by Carter Ashton.
17:14 of 3rd period - Shot Blocked by Matthew Benning.
17:24 of 3rd period - Slapshot by Nathan Walker.
17:24 of 3rd period - Stopped by Louis Domingue without a rebound.
17:25 of 3rd period - Alan Quine wins face-off versus Zack Hamill in Punishers zone.
17:55 of 3rd period - Iiro Pakarinen is hit by Elias Lindholm and loses puck.
Goals for this period are 1 for Knights vs 1 for Punishers.
Shots for this period are 15 for Knights vs 9 for Punishers.

Overtime #1


0:01 of 1st overtime period - Zack Hamill wins face-off versus Dwight King in neutral zone.
0:49 of 1st overtime period - Slapshot by Ludwig Bystrom.
0:49 of 1st overtime period - Deflect By Radek Faksa.
0:49 of 1st overtime period - Goal by Ludwig Bystrom - Knights : 4 - Punishers : 3.
Goals for this period are 1 for Knights vs 0 for Punishers.
Shots for this period are 1 for Knights vs 0 for Punishers. Output by the SimonT Hockey Simulator (STHS) for Francois Prevost - Original Page W3C HTML5 Valid
Hockey Simulator - Hockey Simulation - Hockey Manager